 Dungeon Crawl Stone Soup version 0.31.0-32-g396128a36d (webtiles) character file.

Game seed: 12102316648674347962

1806 PaiMei the Scholar of Death (level 8, -9/62 HPs)
             Began as a Demonspawn Necromancer on Apr 3, 2024.
             Was a Follower of Kikubaaqudgha.
             Mangled by a gnoll
             ... wielding a +0 halberd
             ... led by a gnoll bouda
              (12 damage)
             ... on level 6 of the Dungeon.
             The game lasted 00:09:51 (6902 turns).

PaiMei the Scholar of Death (DsNe)                  Turns: 6902, Time: 00:09:52

Health: -9/62      AC:  5    Str:  9    XL:     8   Next: 84%
Magic:  2/16       EV: 13    Int: 18    God:    Kikubaaqudgha [*.....]
Gold:   352        SH:  0    Dex: 13    Spells: 10/18 levels left

rFire   + . .        m - +2 short sword (venom)
rCold   + . .        (no shield)
rNeg    . . .        l - +2 leather armour {rC+}
rPois   .            (helmet restricted)
rElec   .            (no cloak)
rCorr   .            (no gloves)
SInv    .            (no boots)
Will    .....        (no amulet)
Stlth   ++           i - ring of protection from fire
HPRegen 0.30/turn    (no ring)
MPRegen 0.15/turn

%: no passive effects
@: no status effects
A: horns 1, ignite blood 1, demonic magic 1
a: Renounce Religion, Unearth Wretches


You were on level 6 of the Dungeon.
You worshipped Kikubaaqudgha.
Kikubaaqudgha was aware of your devotion.
You visited 1 branch of the dungeon, and saw 6 of its levels.
You also visited: Sewer.

You collected 352 gold pieces.

Inventory:

Hand Weapons
 g - a +0 vampiric short sword
 m - a +2 short sword of venom (weapon)
 t - a +1 dagger of speed
 y - a +0 hand axe of electrocution
 C - a +2 whip of electrocution
Missiles
 k - 25 poisoned darts (quivered)
 s - a curare-tipped dart
Armour
 l - a +2 leather armour of cold resistance (worn)
Jewellery
 i - a ring of protection from fire (left hand)
Wands
 h - a wand of paralysis (19)
 u - a wand of roots (5)
 A - a wand of polymorph (13)
 B - a wand of flame (14)
Scrolls
 a - a scroll of vulnerability {unknown}
 d - 2 scrolls of enchant armour {unknown}
 e - 2 scrolls of amnesia {unknown}
 f - 7 scrolls of identify {unknown}
 j - 2 scrolls of enchant weapon {unknown}
 n - a scroll of fear {unknown}
 v - a scroll of teleportation {unknown}
 w - a scroll of revelation {unknown}
Potions
 b - a potion of magic
 c - a potion of heal wounds {unknown}
 o - 3 potions of haste {unknown}
 p - a potion of resistance {unknown}
 q - a potion of invisibility {unknown}
 r - a potion of cancellation {unknown}
 x - 3 potions of curing {unknown}
 z - a potion of degeneration {unknown}
 D - a potion of mutation {unknown}


   Skills:
 + Level 5.3 Fighting
 + Level 5.4 Dodging
 - Level 2.3 Stealth
 + Level 5.5 Spellcasting
 + Level 7.7 Necromancy


You had 10 spell levels left.
You knew the following spells:

 Your Spells              Type           Power      Damage    Failure   Level
a - Necrotise             Necr           100%       1d9       1%          1
b - Vampiric Draining     Necr           32%        2d8       2%          3
c - Animate Dead          Necr           32%        N/A       8%          4

Your spell library contained the following spells:

 Spells                   Type           Power      Damage    Failure   Level
 Sublimation of Blood     Necr           32%        N/A       1%          2
 Kiss of Death            Conj/Necr      72%        2d10      3%          1
 Apportation              Tloc           10%        N/A       19%         1
 Sting                    Conj/Alch      20%        1d4       19%         1
 Summon Small Mammal      Summ           20%        N/A       19%         1
 Curse of Agony           Necr           32%        N/A       21%         5
 Blink                    Tloc           10%        N/A       26%         2
 Lesser Beckoning         Tloc           10%        N/A       26%         2
 Momentum Strike          Conj/Tloc      10%        3d8       26%         2
 Dazzling Flash           Conj/Hex       10%        N/A       47%         3
 Ozocubu's Armour         Ice            5%         N/A       47%         3
 Volatile Blastmotes      Fire/Tloc      10%        2d10      47%         3
 Metabolic Englaciation   Hex/Ice        2%         N/A       99%         5
 Sculpt Simulacrum        Ice/Alch       2%         N/A       100%        6
 Starburst                Conj/Fire      2%         6d3       100%        6
 Maxwell's Capacitive Co  Air            2%         ∞         100%        8


Dungeon Overview and Level Annotations

Branches:
Dungeon (6/15)             Temple (0/1) D:4           Sewer (visited)

Altars:
Nemelex Xobeh
Qazlal
Ru
Yredelemnul

Annotations:
D:2 1 runed translucent door, Crazy Yiuf


Innate Abilities, Weirdness & Mutations

You have a pair of small horns on your head.
Your demonic aura sometimes causes spilled blood to erupt in flames.
Spells you cast may paralyse adjacent enemies.


Message History

You feel life coursing into your body. Malevolent energies surge around you.
The gnoll is no longer paralysed.
The gnoll is no longer moving quickly.
The gnoll bouda barks out a call to the hunt!
The gnoll picks up the pace!
The gnoll hits you from afar with a +0 halberd!
The gnoll hits you with a +0 flail.
You hit the gnoll but do no damage.
The gnoll is poisoned.
You headbutt the gnoll.
The gnoll is lightly wounded.
The gnoll hits you from afar with a +0 halberd.
The gnoll closely misses you.
You barely miss the gnoll. Your headbutt misses the gnoll.
The gnoll is lightly wounded.
The gnoll hits you from afar with a +0 halberd!
The gnoll closely misses you.
Casting: Vampiric Draining (dangerous; 2% risk of failure)
Confirm with . or Enter, or press ? or * to list all spells.
Aiming: Vampiric Draining (dangerous; 2% risk of failure)
Press: ? - help, Shift-Dir - straight line, f - gnoll
Aim: a gnoll, wielding a +0 flail (moderately wounded, covering ground quickly, very poisoned)
You draw life force from the gnoll.
You feel life coursing into your body. Malevolent energies surge around you.
The gnoll barely misses you. The gnoll hits you with a +0 flail.
The gnoll bouda hits you with a +0 whip!
* * * LOW HITPOINT WARNING * * *
The gnoll hits you with a +0 halberd.
* * * LOW HITPOINT WARNING * * *
The gnoll hits you with a +0 flail!
* * * LOW HITPOINT WARNING * * *
Things that are here:
a +0 club; a +0 club; a gnoll corpse
Casting: Vampiric Draining (dangerous; 2% risk of failure)
Confirm with . or Enter, or press ? or * to list all spells.
You don't have enough magic to cast this spell.
The gnoll is no longer moving quickly.
The gnoll bouda barks out a call to the hunt!
The gnoll picks up the pace!
The gnoll hits you from afar with a +0 halberd!
You die...
Kikubaaqudgha rasps: "You have failed me!
Welcome... death!"

#.......###########+#.......#
###......................####..##
#......................#......#
#......................#......#
#......................#......#
#..)...................#.g....
###......................#....
...)............###########'#####
.†.............°@○g.............#
................#gg.............#
................#...............#
................#...###'###...###
'########......##...##..####### .
#......#..........# .
#......#..........# .
#....).#..........# .
#.....)##...##....#


You could see a gnoll bouda and 2 gnolls.

Vanquished Creatures
  Grinder (Sewer)
  Sigmund (D:3)
  Eustachio (D:5)
  A water moccasin (D:5)
  An ice beast (D:5)
  An ogre (D:5)
  A phantom (D:5)
  A kobold brigand (Sewer)
  A bullfrog (D:6)
  A necrophage (Sewer)
  3 bombardier beetles
  A hound (D:4)
  A jelly (D:6)
  2 orc priests (D:6)
  A sleepcap (D:5)
  Ijyb (D:5)
  5 iguanas
  2 orc wizards
  6 gnolls
  7 adders
  A river rat (D:3)
  5 ufetubi
  3 dart slugs
  A ribbon worm (D:3)
  19 orcs
  5 ball pythons
  7 bats
  5 endoplasms
  4 giant cockroaches
  4 goblins
  7 hobgoblins
  15 kobolds
  2 quokkas
  2 frilled lizards
  2 kobold zombies (Sewer)
  5 rats
126 creatures vanquished.

Vanquished Creatures (collateral kills)
  A necrophage (Sewer)
1 creature vanquished.

Grand Total: 127 creatures vanquished

Notes
Turn   | Place    | Note
-------+----------+-------------------------------------------
     0 | D:1      | PaiMei the Demonspawn Necromancer began the quest for the
                  | Orb.
     0 | D:1      | Reached XP level 1. HP: 13/13 MP: 3/3
   207 | D:1      | Gained mutation: You have a pair of small horns on your
                  | head. [demonic ancestry]
   207 | D:1      | Reached XP level 2. HP: 19/19 MP: 0/5
   315 | D:1      | Found a faded altar of an unknown god.
   601 | D:1      | You fall into a shaft and drop 1 floor!
   890 | D:2      | Noticed a bombardier beetle
   929 | D:2      | Reached XP level 3. HP: 24/24 MP: 3/6
   933 | D:2      | Learned a level 3 spell: Vampiric Draining
  1211 | D:2      | Found a runed translucent door.
  1212 | D:2      | Noticed Crazy Yiuf
  1550 | D:2      | Reached skill level 1 in Fighting
  1550 | D:2      | Reached XP level 4. HP: 32/32 MP: 0/7
  1986 | D:3      | Reached skill level 5 in Necromancy
  2118 | D:3      | Found a glowing drain.
  2122 | Sewer    | Entered a sewer
  2320 | Sewer    | Gained mutation: Spells you cast may paralyse adjacent
                  | enemies. [demonic ancestry]
  2320 | Sewer    | Reached XP level 5. HP: 20/37 MP: 9/9
  2441 | Sewer    | Found an ancient bone altar of Kikubaaqudgha.
  2452 | Sewer    | Noticed Grinder
  2468 | Sewer    | Gained mutation: Your demonic aura sometimes causes spilled
                  | blood to erupt in flames. [demonic ancestry]
  2468 | Sewer    | Reached XP level 6. HP: 36/44 MP: 2/11
  2495 | Sewer    | Paralysed by Grinder for 3 turns
  2497 | Sewer    | Killed Grinder
  2506 | Sewer    | Became a worshipper of Kikubaaqudgha
  2839 | Sewer    | Reached skill level 6 in Necromancy
  2839 | Sewer    | Reached XP level 7. HP: 30/50 MP: 12/12
  3142 | D:3      | Noticed Sigmund
  3150 | D:3      | Killed Sigmund
  3673 | D:3      | Learned a level 4 spell: Animate Dead
  3770 | D:4      | Found a staircase to the Ecumenical Temple.
  3945 | D:4      | Found a sparkling altar of Nemelex Xobeh.
  3957 | D:4      | Found a sacrificial altar of Ru.
  5010 | D:5      | Entered Level 5 of the Dungeon
  5175 | D:5      | Reached XP level 8. HP: 60/60 MP: 5/14
  5363 | D:5      | Noticed Eustachio
  5428 | D:5      | Found a stormy altar of Qazlal.
  5428 | D:5      | Found a basalt altar of Yredelemnul.
  5642 | D:5      | Noticed Ijyb
  5663 | D:5      | Killed Ijyb
  5664 | D:5      | Reached skill level 7 in Necromancy
  5784 | D:5      | Reached skill level 5 in Spellcasting
  5936 | D:5      | Reached skill level 5 in Dodging
  6045 | D:5      | Killed Eustachio
  6194 | D:5      | Reached skill level 5 in Fighting
  6473 | D:6      | Reached * piety under Kikubaaqudgha
  6473 | D:6      | Received a gift from Kikubaaqudgha
  6901 | D:6      | HP: 2/62 [gnoll/+0 flail[a gnoll bouda] (12)]
  6902 | D:6      | Mangled by a gnoll

Illustrated notes

Levels and vault maps discovered:
D:1:      psy_arrival_whirlpool, layout_basic, ebering_ecumenical_altar_webs
D:2:      layout_basic, basic_altar, serial_curves, eino_curves_04,
          eino_curves_01, minmay_tromino_v2, uniq_crazy_yiuf_cottage
D:3:      layout_rooms, gup_sewer_entry_bowl, uniq_sigmund
D:4:      layout_cave_pods, nemelex_xobeh_ov_fountains_minmay,
          nicolae_overflow_crystal_walls, minmay_temple_entry_waves
D:5:      layout_rooms, gammafunk_temple_overflow_statue, serial_aquarium,
          aquarium_bridge_straight [aquarium_subvault_bridge,
          aquarium_subvault_balcony, aquarium_subvault_bridge,
          aquarium_subvault_balcony], aquarium_window_corner,
          aquarium_window_corridor_3, aquarium_view_2e, aquarium_view_2e,
          aquarium_balcony_1b, aquarium_pool_2, hellmonk_no_cap, uniq_ijyb,
          uniq_eustachio
D:6:      layout_gridville, led_sif_book

Skill      XL: |  1  2  3  4  5  6  7  8 |
---------------+-------------------------+-----
Stealth        | 2 |  2.3
Dodging        | 2 3 4 5 |  5.4
Fighting       | 1 2 3 4 5 |  5.3
Necromancy     | 5 6 7 |  7.7
Spellcasting   | 3 4 5 |  5.5

Action                     |  1- 3 |  4- 6 |  7- 9 || total
---------------------------+-------+-------+-------++-------
  Melee: Dagger            |     7 |       |       ||     7
         Headbutt          |     4 |    18 |    14 ||    36
         Short sword       |     9 |    99 |    67 ||   175
         Punch             |       |     1 |     1 ||     2
         Unarmed           |       |       |    18 ||    18
  Throw: Dart              |       |     2 |       ||     2
   Cast: Necrotise         |    58 |    27 |    96 ||   181
         Vampiric Draining |     2 |     2 |    44 ||    48
  Evoke: Wand              |       |     1 |       ||     1
   Stab: Paralysed         |       |     3 |    11 ||    14
 Armour: Robe              |    12 |       |       ||    12
         Leather armour    |       |    79 |    90 ||   169
         Skin              |       |       |     7 ||     7
  Dodge: Dodged            |    20 |    70 |    94 ||   184
